[Event "Titled Tuesday Blitz October 5 2021"]
[White "Yeritsyan, Hayk"]
[Black "Mekhitarian, Krikor Sevag"]
[WhiteFideId "13307320"]
[BlackFideId "2107660"]
[WhiteElo "2421"]
[BlackElo "2598"]
[Result "0-1"]
[Round "08"]
[TimeControl "180+1"]
[Date "2021.10.05"]
[WhiteClock "0:00:02"]
[BlackClock "0:00:05"]

1. d4 Nf6 2. c4 g6 3. Nc3 d5 4. cxd5 Nxd5 5. e4 Nxc3 6. bxc3 Bg7 7. Bc4 c5 8. Ne2 O-O 9. Be3 Nc6 10. Rc1 Bg4 11. f3 Bd7 12. h4 Rc8 13. h5 Na5 14. Bd3 cxd4 15. cxd4 Rxc1 16. Qxc1 Qc8 17. h6 Qxc1+ 18. Bxc1 Bh8 19. Ba3 Re8 20. Kd2 Nc6 21. Ke3 e5 22. d5 Nd4 23. Nxd4 exd4+ 24. Kd2 Be5 25. Ke2 f5 26. Rb1 fxe4 27. Bxe4 b5 28. Kd3 Rc8 29. Rc1 Rxc1 30. Bxc1 b4 31. Kc4 a5 32. Bb2 Bf4 33. Bxd4 Bxh6 34. Bb6 a4 35. Kxb4 Bf8+ 36. Bc5 Bh6 37. Bc2 Bd2+ 38. Kc4 Kf7 39. Bb4 Be3 40. Bc3 h5 41. Kb4 g5 42. Bxa4 Bf5 43. Bb3 Ke7 44. Be5 Bd2+ 45. Kb5 h4 46. a4 g4 47. fxg4 Be4 48. d6+ Kd7 49. a5 Bxg2 50. a6 h3 51. Kb6 Be3+ 52. Ka5 Bd2+ 53. Kb5 Be3 54. Kc4 Bf1+ 55. Kc3 Bxa6 56. Ba4+ Ke6 57. d7 Bb6 58. Bg3 Bb7 59. g5 Be4 60. Kd2 Bf5 61. Ke2 Kf7 62. Kf3 Kg6 63. Kf4 Bc7+ 64. Kf3 Bb6 65. Bf4 Ba5 66. Kg3 Be1+ 67. Kh2 Ba5 68. Bc6 Bd8 69. Ba4 Bb6 70. Kg3 Ba5 71. Kf3 Bd8 72. Kg3 Bb6 73. Kh2 Bd8 74. Bb5 Bb6 75. Bc6 Bd8 76. Ba4 Bb6 77. Be3 Bc7+ 78. Kg1 h2+ 79. Kf2 h1=Q 80. Ke2 Qg2+ 81. Bf2 Bb6 82. d8=Q Qxf2+ 83. Kd1 Bxd8 84. Bd7 Bxg5 85. Bxf5+ Kg7 86. Bc2 Qd2# 0-1


[Site "https://www.chess.com"]

[Event "Titled Tuesday Blitz October 5 2021"]
[White "Yoo, Christopher Woojin"]
[Black "Oparin, Grigoriy"]
[WhiteFideId "30909694"]
[BlackFideId "24125890"]
[WhiteElo "2105"]
[BlackElo "2604"]
[Result "1/2-1/2"]
[Round "08"]
[TimeControl "180+1"]
[Date "2021.10.05"]
[WhiteClock "0:00:06"]
[BlackClock "0:00:19"]

1. e4 e5 2. Nf3 Nc6 3. Bb5 Nf6 4. d4 exd4 5. O-O a6 6. Ba4 Be7 7. e5 Ne4 8. Nxd4 O-O 9. Re1 Nc5 10. Bxc6 dxc6 11. Nc3 Re8 12. Be3 Bf8 13. f4 Ne6 14. Nf3 f5 15. exf6 Qxf6 16. Ne4 Qg6 17. Ng3 Qg4 18. Qd2 Bd6 19. Ne2 Bd7 20. h3 Qg6 21. Kh2 Rad8 22. Ne5 Bxe5 23. fxe5 c5 24. Ng3 Bc6 25. Qe2 b5 26. a4 c4 27. axb5 axb5 28. Ra6 Bd5 29. Rd1 c6 30. Ra7 Rf8 31. Qg4 Qxg4 32. hxg4 Ra8 33. Nf5 Rxa7 34. Bxa7 Ra8 35. Be3 Ra2 36. Ne7+ Kf7 37. Nxd5 cxd5 38. Rxd5 Rxb2 39. c3 Re2 40. Bd2 Ke8 41. Kg3 Nc7 42. Rd4 Rxe5 43. Bf4 Re7 44. Bd6 Rd7 45. Re4+ Kf7 46. Bc5 Ne6 47. Bb4 g5 48. Re5 Rd3+ 49. Kf2 Rd2+ 50. Kg3 Kf6 51. Rf5+ Kg6 52. Rxb5 Nf4 53. Rb6+ Kf7 54. Kf3 Rxg2 55. Bd6 Rc2 56. Bxf4 gxf4 57. Kxf4 Rxc3 58. Rb7+ Kg6 59. Rb6+ Kf7 60. Rb7+ Kg6 61. Rb6+ Kf7 1/2-1/2


[Site "https://www.chess.com"]

[Event "Titled Tuesday Blitz October 5 2021"]
[White "ketster"]
[Black "Gaehwiler, Gabriel"]
[BlackFideId "1314530"]
[WhiteElo "2553"]
[BlackElo "2320"]
[Result "0-1"]
[Round "08"]
[TimeControl "180+1"]
[Date "2021.10.05"]
[WhiteClock "0:00:03"]
[BlackClock "0:00:10"]

1. d4 Nf6 2. c4 g6 3. Nc3 Bg7 4. e4 O-O 5. Nge2 d6 6. Ng3 e5 7. d5 Na6 8. h4 h6 9. Be2 c6 10. Be3 Kh7 11. h5 g5 12. f3 Qe7 13. Nf1 cxd5 14. cxd5 Bd7 15. g4 Rfc8 16. Ng3 Qd8 17. O-O Nc5 18. b4 Na6 19. Qb3 Nc7 20. a4 Nce8 21. Rfc1 Qe7 22. Nb5 a6 23. Na3 Bf8 24. Nc4 Rc7 25. Nb6 Rd8 26. Rxc7 Nxc7 27. Rc1 Nfe8 28. Nxd7 Qxd7 29. Bb6 Rc8 30. Qc2 Ra8 31. Nf5 Kg8 32. Kg2 Kh7 33. Qb3 Rc8 34. Qc2 Ra8 35. Be3 Kg8 36. Qb3 Rc8 37. b5 axb5 38. axb5 Ra8 39. b6 Na6 40. Bb5 Qd8 41. Rc2 Nc5 42. Bxc5 dxc5 43. Bxe8 Qxe8 44. d6 Qc6 45. Qd5 Qxd5 46. exd5 Rd8 47. Rxc5 Bxd6 48. Rc7 Bf8 49. Rxb7 Rxd5 50. Rb8 Rd2+ 51. Kg3 f6 52. b7 Rb2 53. Kh3 Kf7 54. Ng3 Bd6 55. Rh8 Ke6 56. Rxh6 Rxb7 57. Rh7 Rb3 58. Kg2 Rb2+ 59. Kh3 Rf2 60. h6 e4 61. Nxe4 Rh2# 0-1


[Site "https://www.chess.com"]

[Event "Titled Tuesday Blitz October 5 2021"]
[White "losersgame"]
[Black "Leitao, Rafael"]
[BlackFideId "2101246"]
[WhiteElo "2472"]
[BlackElo "2609"]
[Result "0-1"]
[Round "08"]
[TimeControl "180+1"]
[Date "2021.10.05"]
[WhiteClock "0:00:01"]
[BlackClock "0:01:06"]

1. d4 Nf6 2. c4 g6 3. Nc3 Bg7 4. e4 d6 5. f3 O-O 6. Be3 c5 7. d5 e6 8. Qd2 exd5 9. cxd5 a6 10. a4 Re8 11. Ra3 Qc7 12. Nge2 Nbd7 13. Ng3 Ne5 14. Be2 Rb8 15. O-O Bd7 16. Rb1 b5 17. axb5 Bxb5 18. Nxb5 axb5 19. b4 Nc4 20. Bxc4 bxc4 21. b5 Nd7 22. Ne2 Ne5 23. Nc3 f5 24. h3 Nd3 25. Rba1 Qf7 26. Ra7 Qf6 27. R1a3 f4 28. Bf2 Qg5 29. Rd7 Ne5 30. Rxg7+ Kxg7 31. Ra7+ Kg8 32. Kh2 Nd3 33. Bg1 Qf6 34. Qc2 Ne5 35. Bf2 Qd8 36. Qa4 Nd3 37. Bg1 Ne5 38. Qa6 Qb6 39. Qa4 Rb7 40. Ra6 Qc7 41. Qa1 Reb8 42. Bf2 Qe7 43. Be1 Nd3 44. Bd2 Qg5 0-1


[Site "https://www.chess.com"]

[Event "Titled Tuesday Blitz October 5 2021"]
[White "Abdusattorov, Nodirbek"]
[Black "Warmerdam, Max"]
[WhiteFideId "14204118"]
[BlackFideId "1048104"]
[WhiteElo "3004"]
[BlackElo "2851"]
[Result "0-1"]
[Round "09"]
[TimeControl "180+1"]
[Date "2021.10.05"]
[WhiteClock "0:00:03"]
[BlackClock "0:00:22"]

1. c4 e6 2. Nf3 d5 3. g3 dxc4 4. Bg2 Nf6 5. O-O Nbd7 6. Na3 Bxa3 7. bxa3 O-O 8. a4 e5 9. Qc2 Re8 10. Bb2 e4 11. Ng5 Qe7 12. Qxc4 h6 13. Nh3 Ne5 14. Qc3 Bf5 15. Nf4 Rad8 16. Rac1 c6 17. Rfd1 g5 18. d4 Neg4 19. h3 gxf4 20. hxg4 Nd5 21. Qa3 Qxa3 22. Bxa3 Bxg4 23. Rd2 e3 24. Rb2 exf2+ 25. Kxf2 Re3 26. Bxd5 Rxd5 27. Bc5 b6 28. gxf4 Re4 29. Bb4 Rdxd4 30. Bc3 Rxf4+ 31. Kg3 Rxa4 32. Rd1 Rfe4 33. Rd3 Bxe2 34. Rd8+ Kh7 35. Kf2 Bc4 36. Rh8+ Kg6 37. Rg8+ Kf5 38. Kg2 Bd5 39. Kh2 Rh4+ 40. Kg3 Raf4 41. Rg4 Rfxg4+ 0-1


[Site "https://www.chess.com"]

[Event "Titled Tuesday Blitz October 5 2021"]
[White "Aggelis, Nikolaos"]
[Black "Dudzinski, Pawel"]
[WhiteFideId "4213220"]
[BlackFideId "1117890"]
[WhiteElo "2154"]
[BlackElo "2193"]
[Result "1-0"]
[Round "09"]
[TimeControl "180+1"]
[Date "2021.10.05"]
[WhiteClock "0:00:47"]
[BlackClock "0:00:05"]

1. d4 d5 2. g3 e6 3. Bg2 Nf6 4. Nf3 c5 5. O-O Nc6 6. c4 cxd4 7. Nxd4 Be7 8. cxd5 Nxd5 9. Nxc6 bxc6 10. Qc2 Qb6 11. Nc3 Ba6 12. Re1 O-O 13. a3 Nxc3 14. Qxc3 Rac8 15. Be3 Qc7 16. Bc5 Bxc5 17. Qxc5 Qb6 18. Qc3 c5 19. Bf3 Rfd8 20. Rec1 h6 21. h4 Rd7 22. Rd1 Rcd8 23. Rxd7 Rxd7 24. Rc1 Rc7 25. b4 c4 26. a4 Bb7 27. a5 Qb5 28. Bxb7 Qxb7 29. Qe5 Qc6 30. e4 Rb7 31. Qc5 Qxe4 32. Rxc4 Qb1+ 33. Kg2 Kh7 34. Rf4 f6 35. a6 Rb6 36. Qe7 e5 37. Rg4 1-0


[Site "https://www.chess.com"]

[Event "Titled Tuesday Blitz October 5 2021"]
[White "Aloma Vidal, Robert"]
[Black "Aradhya, Garg"]
[WhiteFideId "2260409"]
[BlackFideId "25006746"]
[WhiteElo "2435"]
[BlackElo "2146"]
[Result "0-1"]
[Round "09"]
[TimeControl "180+1"]
[Date "2021.10.05"]
[WhiteClock "0:00:08"]
[BlackClock "0:00:07"]

1. e4 e5 2. Nf3 Nc6 3. Bc4 Bc5 4. b4 Bxb4 5. c3 Be7 6. d4 Na5 7. Bd3 d6 8. dxe5 dxe5 9. Nxe5 Nf6 10. O-O O-O 11. Qc2 c5 12. f4 Nd7 13. Nxd7 Bxd7 14. e5 h6 15. f5 c4 16. Be4 Bc5+ 17. Kh1 Qe7 18. Bf4 f6 19. e6 Bc6 20. Nd2 b5 21. a4 a6 22. axb5 axb5 23. Bxc6 Nxc6 24. Ne4 Rfd8 25. h3 Bb6 26. Rxa8 Rxa8 27. Nd6 Bc7 28. Nxb5 Bxf4 29. Rxf4 Ra1+ 30. Kh2 Qc5 31. Nd4 Qd6 32. Qf2 Ne5 33. Qg3 Rc1 34. Nb5 Qb8 35. e7 Qxb5 36. Rd4 Kf7 37. Qe3 Qb1 38. Rd7 Rh1+ 39. Kg3 Qe1+ 40. Qxe1 Rxe1 41. e8=Q+ Kxe8 42. Rxg7 Nf7 43. Kf4 Rf1+ 44. Ke4 Rc1 45. Kd4 Rf1 46. g4 Rf4+ 47. Kd5 Kf8 48. Rg6 Ke7 49. Rg7 Rf3 50. h4 Rxc3 51. g5 hxg5 52. hxg5 fxg5 53. Kd4 Rf3 54. Kxc4 Kf6 55. Rh7 Ne5+ 56. Kd5 Kxf5 57. Rh8 Rd3+ 58. Kc5 Rd7 59. Rf8+ Rf7 60. Rh8 g4 0-1


[Site "https://www.chess.com"]

[Event "Titled Tuesday Blitz October 5 2021"]
[White "Al-Tarboush, Ward"]
[Black "Nenezic, Marko"]
[WhiteFideId "7601450"]
[BlackFideId "912123"]
[WhiteElo "2296"]
[BlackElo "2484"]
[Result "1-0"]
[Round "09"]
[TimeControl "180+1"]
[Date "2021.10.05"]
[WhiteClock "0:02:39"]
[BlackClock "0:02:47"]

1. e4 c5 2. Nf3 Nc6 3. d4 cxd4 4. Nxd4 Nf6 5. Nc3 e5 6. Ndb5 d6 7. Nd5 a6 8. Nbc7+ Kd7 9. Nxa8 Nxd5 10. exd5 Nd4 11. c3 Nf5 12. Qa4+ Ke7 13. g4 Nh4 14. Bg5+ 1-0


[Site "https://www.chess.com"]

[Event "Titled Tuesday Blitz October 5 2021"]
[White "Alvarez Calzadilla, Jose Avelino"]
[Black "Vifleemskaia, Svetlana"]
[WhiteFideId "3526151"]
[BlackFideId "4129490"]
[WhiteElo "2537"]
[BlackElo "1945"]
[Result "0-1"]
[Round "09"]
[TimeControl "180+1"]
[Date "2021.10.05"]
[WhiteClock "0:00:02"]
[BlackClock "0:00:04"]

1. d4 Nf6 2. Nf3 d5 3. c4 dxc4 4. Nc3 a6 5. a4 e6 6. e3 c5 7. Bxc4 Nc6 8. O-O cxd4 9. exd4 Be7 10. Re1 O-O 11. Bb3 Nb4 12. Ne5 Nbd5 13. Bc2 Nxc3 14. bxc3 Nd5 15. Qd3 g6 16. Bh6 Re8 17. Qf3 Bf6 18. Rad1 Qe7 19. c4 Nb4 20. Be4 Bg7 21. Bd2 a5 22. h4 f6 23. Nd3 f5 24. Bd5 Nxd3 25. Qxd3 Qxh4 26. Bc3 Bd7 27. Bxb7 Rab8 28. Rb1 Bxa4 29. g3 Qe7 30. Bd5 Rxb1 31. Qxb1 Qd7 32. Bf3 Bxd4 33. Bxa5 Qd6 34. Kg2 Bc6 35. Qd3 e5 36. Bxc6 Qxc6+ 37. Kg1 Qc5 38. Re2 Qxa5 39. c5 Qxc5 40. Qb3+ Kg7 41. Qb7+ Re7 42. Qb8 Qc3 43. Kg2 Qc6+ 44. Kg1 Qb7 45. Qd8 Qd7 46. Qb8 e4 47. Kg2 e3 48. Qb4 Qd5+ 49. Kf1 Rc7 50. Kg1 Rc1+ 51. Re1 Rxe1+ 52. Qxe1 exf2+ 0-1


[Site "https://www.chess.com"]

[Event "Titled Tuesday Blitz October 5 2021"]
[White "Andreikin, Dmitry"]
[Black "Babazada, Khazar"]
[WhiteFideId "4158814"]
[BlackFideId "13413554"]
[WhiteElo "3027"]
[BlackElo "2806"]
[Result "0-1"]
[Round "09"]
[TimeControl "180+1"]
[Date "2021.10.05"]
[WhiteClock "0:00:10"]
[BlackClock "0:00:21"]

1. d4 d5 2. c4 dxc4 3. e3 Nf6 4. Bxc4 e6 5. Nf3 a6 6. O-O c5 7. dxc5 Bxc5 8. Qxd8+ Kxd8 9. Ne5 Ke7 10. Be2 Nbd7 11. Nc4 b6 12. Nc3 Bb7 13. Na4 b5 14. Nxc5 Nxc5 15. Na5 Be4 16. Bd2 Rhc8 17. Rfc1 Nd5 18. f3 Bd3 19. Kf2 Bxe2 20. Kxe2 f5 21. Rc2 Rc7 22. Be1 e5 23. Rd1 Ke6 24. b4 Na4 25. Rxc7 Nxc7 26. Rc1 Nd5 27. a3 Rd8 28. Nb7 Rd7 29. Nc5+ Nxc5 30. Rxc5 Rc7 31. Rxc7 Nxc7 32. e4 Ne8 33. exf5+ Kxf5 34. g4+ Ke6 35. Kd3 Kd5 36. Bc3 Nd6 37. Bb2 Nc4 38. Bc1 g6 39. h4 h5 40. gxh5 gxh5 41. Kc3 Nd6 42. Kd3 Nf5 43. Bg5 Nd4 44. f4 e4+ 45. Kc3 Nf5 46. Bd8 Ng3 47. Bg5 e3 48. f5 Nxf5 49. Kd3 Ke5 50. Bxe3 Nxh4 51. Ba7 Nf5 52. Bb8+ Kd5 53. Bf4 h4 54. Bb8 Nd6 55. Ke2 Nc4 56. Kf3 Nxa3 57. Kg4 Kc4 58. Bd6 Nc2 59. Kxh4 Nxb4 60. Kg4 a5 61. Kf3 Kd3 62. Kf2 Nc2 0-1


[Site "https://www.chess.com"]

[Event "Titled Tuesday Blitz October 5 2021"]
[White "Avila Pavas, Santiago"]
[Black "Holt, Conrad"]
[WhiteFideId "4437128"]
[BlackFideId "2034387"]
[WhiteElo "2651"]
[BlackElo "2866"]
[Result "1-0"]
[Round "09"]
[TimeControl "180+1"]
[Date "2021.10.05"]
[WhiteClock "0:00:18"]
[BlackClock "0:00:03"]

1. d4 d5 2. Bf4 c5 3. e3 Nc6 4. c3 Bf5 5. Qb3 Qd7 6. Nf3 e6 7. Bb5 f6 8. Nbd2 a6 9. Be2 c4 10. Qd1 g5 11. Bg3 h5 12. h3 h4 13. Bh2 b5 14. a4 b4 15. e4 dxe4 16. Ng1 e5 17. Nxc4 bxc3 18. bxc3 Rd8 19. Bh5+ Ke7 20. dxe5 Qe6 21. Qe2 Rxh5 22. Qxh5 Qxc4 23. Ne2 Qf7 24. exf6+ Kxf6 25. Qxf7+ Kxf7 26. O-O Bc5 27. Rfd1 Rxd1+ 28. Rxd1 Nf6 29. Nd4 Bxd4 30. cxd4 Ke6 31. Rb1 Nd5 32. Rb7 Nxd4 33. Ra7 Nb4 34. Rg7 Kf6 35. Rb7 Ndc6 36. Bd6 Nd5 37. Bc5 Bc8 38. Rh7 a5 39. Rh8 Be6 40. Ra8 Ndb4 41. Bb6 Nd3 42. Bxa5 Nxa5 43. Rxa5 Nb2 44. Ra8 Ke5 45. a5 Kd6 46. a6 Kc7 47. a7 Bd5 48. Rb8 Nd3 49. a8=Q Bxa8 50. Rxa8 1-0


[Site "https://www.chess.com"]

[Event "Titled Tuesday Blitz October 5 2021"]
[White "Bach, Matthias"]
[Black "Chernomordik, Pavel"]
[WhiteFideId "4603168"]
[BlackFideId "2804530"]
[WhiteElo "2165"]
[BlackElo "2281"]
[Result "0-1"]
[Round "09"]
[TimeControl "180+1"]
[Date "2021.10.05"]
[WhiteClock "0:00:01"]
[BlackClock "0:00:08"]

1. d4 g6 2. c4 Bg7 3. f4 d6 4. Nf3 Nd7 5. e4 e5 6. fxe5 dxe5 7. d5 Ngf6 8. Nc3 Nc5 9. Bd3 O-O 10. Be3 Qe7 11. h3 Nh5 12. O-O h6 13. b4 Nxd3 14. Qxd3 f5 15. c5 fxe4 16. Nxe4 Nf4 17. Qd2 Bf5 18. Ng3 Rad8 19. Bxf4 exf4 20. Rae1 Qf7 21. Nxf5 Qxf5 22. Re7 Rxd5 23. Qe2 Rf7 24. Nh4 Qf6 25. Rxf7 Kxf7 26. Nf3 Qe6 27. Qb5 c6 28. Qxb7+ Rd7 29. Qa6 Qe3+ 30. Kh1 Qe4 31. Re1 Qd5 32. Qe2 Bc3 33. Qe8+ Kg7 34. Re7+ Rxe7 35. Qxe7+ Qf7 36. Qxf7+ Kxf7 37. a3 Ke6 38. Kg1 Kd5 39. Kf1 Bb2 40. a4 Ba3 41. b5 cxb5 42. axb5 Bxc5 43. Nh4 g5 44. Nf5 h5 45. Ng7 h4 46. Ne8 Kc4 47. Nc7 Bb6 48. Ne6 Kxb5 49. Nxg5 a5 50. Ke1 a4 51. Kd1 a3 52. Kc2 Kc4 0-1


[Site "https://www.chess.com"]

[Event "Titled Tuesday Blitz October 5 2021"]
[White "Baches Garcia, Guillermo"]
[Black "Horobetz, Graham"]
[WhiteFideId "2209764"]
[BlackFideId "2047322"]
[WhiteElo "2495"]
[BlackElo "2620"]
[Result "0-1"]
[Round "09"]
[TimeControl "180+1"]
[Date "2021.10.05"]
[WhiteClock "0:00:03"]
[BlackClock "0:00:09"]

1. e4 c5 2. Nf3 d6 3. d4 cxd4 4. Qxd4 Nc6 5. Bb5 Bd7 6. Qd3 Nf6 7. c4 a6 8. Bxc6 Bxc6 9. Nc3 b5 10. b3 bxc4 11. bxc4 g6 12. O-O Bg7 13. Rb1 O-O 14. Nd5 Nd7 15. Bb2 Nc5 16. Qe3 Bxd5 17. Bxg7 Kxg7 18. cxd5 Qa5 19. e5 Qxa2 20. Rbd1 Rab8 21. Qf4 Qa4 22. Nd4 Rb4 23. exd6 exd6 24. Qxd6 Ne4 25. Qe5+ Nf6 26. d6 Re8 27. Qc5 Rc4 28. Qb6 Re4 29. Nf3 Re6 30. Qb8 Rb4 31. Qc7 Qd7 32. Qxd7 Nxd7 33. Rd2 Rb6 34. Rfd1 a5 35. Ng5 Rf6 36. Ne4 Re6 37. Nc3 Rc6 38. Nb5 Rc5 39. Nc7 a4 40. Nxe6+ fxe6 41. Ra2 Rc4 42. g3 Kf6 43. Rda1 Nc5 44. Rd1 Nd7 45. Rb2 e5 46. Rb7 Ke6 47. Ra7 g5 48. Ra1 Nc5 49. d7 Ke7 50. d8=Q+ Kxd8 51. Rb1 Nb3 52. Rd1+ Kc8 53. Rdd7 Kb8 54. Rxh7 Nc5 55. Raf7 Nb3 56. Rh8+ Rc8 57. Rhh7 Rc1+ 58. Kg2 Rc3 59. Rb7+ Kc8 60. Ra7 Nc5 61. Rhc7+ Kb8 62. Rh7 a3 63. Ra5 Nb3 64. Raa7 Nc5 65. Rag7 Ne6 66. Rh8+ Rc8 67. Rxc8+ Kxc8 68. Rg6 a2 69. Rxe6 a1=Q 70. Rg6 Qd4 71. Rxg5 Qe4+ 72. Kg1 Qd4 73. h4 Kd7 74. Kg2 Ke6 75. Kg1 Kf6 76. Kg2 e4 77. Kg1 Qd2 78. Kf1 Qd1+ 79. Kg2 Qf3+ 80. Kg1 Qe2 81. Rg8 Kf7 82. Rg5 Kf6 83. Rg8 Qd1+ 84. Kg2 Qd5 85. Rf8+ Kg7 86. Rf4 e3+ 87. Kf1 Qd1+ 88. Kg2 e2 0-1


[Site "https://www.chess.com"]

[Event "Titled Tuesday Blitz October 5 2021"]
[White "Bazarov, Konstantin"]
[Black "Karolczuk, Iwo"]
[WhiteFideId "4137000"]
[BlackFideId "21816972"]
[WhiteElo "2084"]
[BlackElo "2093"]
[Result "0-1"]
[Round "09"]
[TimeControl "180+1"]
[Date "2021.10.05"]
[WhiteClock "0:00:13"]
[BlackClock "0:00:13"]

1. d4 Nf6 2. c4 g6 3. Nc3 Bg7 4. e4 O-O 5. Nf3 d6 6. Be2 e5 7. O-O exd4 8. Nxd4 Re8 9. f3 c6 10. Kh1 Na6 11. Nb3 Nc7 12. Bf4 d5 13. Bxc7 Qxc7 14. cxd5 cxd5 15. exd5 Bd7 16. Qd2 Rad8 17. Rfd1 Qd6 18. Rac1 a6 19. Na5 Qb4 20. Nb3 Bf5 21. Nd4 Bc8 22. a3 Qd6 23. Nc2 Bf5 24. Ra1 Qe5 25. Nb4 a5 26. Nd3 Qd4 27. Nf4 Qe5 28. Bb5 Rf8 29. Re1 Qd6 30. Rad1 Bh6 31. g3 Nh5 32. Nce2 Qb6 33. Bd3 Bxd3 34. Qxd3 Nxf4 35. gxf4 Qxb2 36. Rb1 Qa2 37. Red1 Rfe8 38. Ng3 Bxf4 39. Ne4 Qxh2# 0-1


[Site "https://www.chess.com"]

[Event "Titled Tuesday Blitz October 5 2021"]
[White "Begmuratov, Khumoyun"]
[Black "King, Alexander"]
[WhiteFideId "14210207"]
[BlackFideId "2063620"]
[WhiteElo "1948"]
[BlackElo "2306"]
[Result "1-0"]
[Round "09"]
[TimeControl "180+1"]
[Date "2021.10.05"]
[WhiteClock "0:01:52"]
[BlackClock "0:00:01"]

1. e4 c5 2. Nf3 e6 3. d4 cxd4 4. Nxd4 a6 5. Nc3 Qc7 6. Be2 b5 7. O-O b4 8. Nb1 Bb7 9. Bd3 Nf6 10. Qe2 Bd6 11. Nf3 Nc6 12. Nbd2 Ng4 13. h3 h5 14. Nc4 Bf4 15. Bxf4 Qxf4 16. g3 Qc7 17. hxg4 hxg4 18. Nh2 f5 19. exf5 O-O-O 20. Qxg4 d5 21. fxe6 1-0


[Site "https://www.chess.com"]

[Event "Titled Tuesday Blitz October 5 2021"]
[White "Bilan, Danila"]
[Black "Cunha, Lucas Aguiar"]
[WhiteFideId "24161918"]
[BlackFideId "2125404"]
[WhiteElo "2164"]
[BlackElo "2361"]
[Result "0-1"]
[Round "09"]
[TimeControl "180+1"]
[Date "2021.10.05"]
[WhiteClock "0:00:04"]
[BlackClock "0:00:47"]

1. d4 Nf6 2. Nf3 c5 3. e3 g6 4. c4 Bg7 5. Nc3 O-O 6. Be2 cxd4 7. Nxd4 Nc6 8. Nxc6 bxc6 9. O-O Rb8 10. Rb1 d6 11. b3 Bd7 12. Bb2 Qa5 13. Bf3 Rfc8 14. Qd2 Bf5 15. Ra1 Nd7 16. Rfd1 Ne5 17. Be2 Qd8 18. h3 a5 19. Na4 c5 20. f4 Nc6 21. Bxg7 Kxg7 22. Bf3 Bd7 23. Nc3 Nb4 24. e4 Bc6 25. Nd5 Bxd5 26. exd5 a4 27. Re1 axb3 28. axb3 Ra8 29. Rxa8 Rxa8 30. f5 Ra2 31. Qc3+ Kg8 32. fxg6 hxg6 33. Qe3 Ra7 34. h4 Nc2 35. Qd2 Nxe1 36. Qxe1 Qa5 37. Qg3 Qa1+ 38. Kh2 Qe5 39. Qxe5 dxe5 40. Bd1 Ra1 41. Bc2 Rc1 42. Be4 Rc3 43. Bc2 Rxc2 0-1


[Site "https://www.chess.com"]

[Event "Titled Tuesday Blitz October 5 2021"]
[White "Bortnyk, Olexandr"]
[Black "Iskusnyh, Sergei"]
[WhiteFideId "14120828"]
[BlackFideId "4120027"]
[WhiteElo "2987"]
[BlackElo "2646"]
[Result "1-0"]
[Round "09"]
[TimeControl "180+1"]
[Date "2021.10.05"]
[WhiteClock "0:01:35"]
[BlackClock "0:00:01"]

1. e4 e6 2. d4 d5 3. Nc3 Nf6 4. Bg5 dxe4 5. Nxe4 Nbd7 6. Nf3 h6 7. Bxf6 Nxf6 8. Bd3 Nxe4 9. Bxe4 c5 10. Qe2 Qa5+ 11. c3 cxd4 12. Nxd4 Be7 13. Nb3 Qc7 14. O-O-O O-O 15. Kb1 Bd7 16. h4 Rfd8 17. g4 Bc6 18. Nd4 Bxe4+ 19. Qxe4 Rd5 20. g5 Qe5 21. Qf3 hxg5 22. hxg5 Bxg5 23. Rdg1 Qf6 24. Qh3 Bh6 25. Qxh6 Qxh6 26. Rxh6 Rad8 27. Rh4 e5 28. Rgh1 1-0


[Site "https://www.chess.com"]

[Event "Titled Tuesday Blitz October 5 2021"]
[White "Csonka, Balazs"]
[Black "Vlachos, Anatole"]
[WhiteFideId "742910"]
[BlackFideId "26093189"]
[WhiteElo "2404"]
[BlackElo "2350"]
[Result "1-0"]
[Round "09"]
[TimeControl "180+1"]
[Date "2021.10.05"]
[WhiteClock "0:00:05"]
[BlackClock "0:00:34"]

1. e4 d6 2. d4 c6 3. c4 e5 4. Nf3 Nd7 5. Nc3 g6 6. Be3 Bg7 7. dxe5 dxe5 8. c5 Ngf6 9. Bc4 O-O 10. h3 a5 11. Qc2 Qe7 12. Na4 Kh8 13. O-O-O Nh5 14. g3 f5 15. exf5 gxf5 16. g4 Nf4 17. gxf5 Nb8 18. Bxf4 exf4 19. Rhe1 Qf6 20. Be6 Na6 21. a3 Re8 22. Nb6 Bxe6 23. Nxa8 Rxa8 24. Rxe6 Qf7 25. Rde1 h6 26. Ne5 Qc7 27. f6 Bf8 28. Ng6+ Kg8 29. Rg1 Kf7 30. Qf5 Bxc5 31. Ne5+ Kf8 32. Qg6 Qf7 33. Qxh6+ Qg7 34. Ng6+ Kf7 35. Qxg7+ Kxe6 36. Nxf4+ Kf5 37. Qg6+ Ke5 38. Rg5+ Kxf4 39. Qf5# 1-0


[Site "https://www.chess.com"]

[Event "Titled Tuesday Blitz October 5 2021"]
[White "Diakonova, Ekaterina"]
[Black "Pacheco Lugo, Alejandro Jose"]
[WhiteFideId "24172936"]
[BlackFideId "3903745"]
[WhiteElo "2069"]
[BlackElo "2125"]
[Result "1-0"]
[Round "09"]
[TimeControl "180+1"]
[Date "2021.10.05"]
[WhiteClock "0:01:38"]
[BlackClock "0:01:14"]

1. d4 Nf6 2. Bf4 d5 3. e3 c5 4. c3 Nc6 5. Nd2 e6 6. Ngf3 Bd6 7. Bg3 O-O 8. Bd3 b6 9. O-O Bb7 10. Qc2 Rc8 11. Ne5 cxd4 12. Nxc6 Rxc6 13. exd4 a6 14. a4 Bxg3 15. hxg3 Rc7 16. Nf3 Ne4 17. Ne5 f6 18. Nf3 Qd6 19. Rfe1 f5 20. Ne5 Rfc8 21. Kh2 b5 22. axb5 axb5 23. Bxb5 Qb6 24. Bd3 Qxd4 25. cxd4 Rxc2 26. Bxc2 Rxc2 27. f3 Nd6 28. Rab1 h5 29. Nd7 Kf7 30. Nc5 Bc8 31. b4 Nb5 32. Ra1 Nxd4 33. Re3 e5 34. Ra8 f4 35. gxf4 exf4 36. Rd3 Ne2 37. Rxc8 Ng3 38. Rd1 Nf5 39. Rc7+ Kg6 40. Rc6+ Kh7 41. Rxd5 Ne3 42. Rxh5+ Kg8 43. Rg5 Rb2 44. Rc7 Rb1 45. Rgxg7+ Kh8 46. Rh7+ Kg8 47. Rcg7+ Kf8 48. Ne6+ Ke8 49. Re7# 1-0


[Site "https://www.chess.com"]

[Event "Titled Tuesday Blitz October 5 2021"]
[White "Ekdyshman, Mikhail"]
[Black "Vlassov, Nikolai"]
[WhiteFideId "4149416"]
[BlackFideId "4103360"]
[WhiteElo "2256"]
[BlackElo "2407"]
[Result "0-1"]
[Round "09"]
[TimeControl "180+1"]
[Date "2021.10.05"]
[WhiteClock "0:00:13"]
[BlackClock "0:00:53"]

1. d4 Nf6 2. c4 Nc6 3. Nc3 e5 4. d5 Ne7 5. d6 Ng6 6. dxc7 Qxc7 7. e3 Bb4 8. Bd2 O-O 9. Rc1 b6 10. Nd5 Nxd5 11. cxd5 Qd6 12. Nf3 Bb7 13. e4 f5 14. Bd3 Nf4 15. Bc4 Nxg2+ 16. Kf1 fxe4 17. Bxb4 Qxb4 18. d6+ Kh8 19. Kxg2 exf3+ 20. Kg3 b5 21. a3 Qxb2 22. Bd3 Qd4 23. h4 Qf4+ 24. Kh3 e4 25. Bf1 Qf5+ 26. Kh2 Bd5 27. Rc5 Qf4+ 28. Kg1 Qg4+ 29. Kh2 Qxh4+ 30. Kg1 Qg4+ 31. Kh2 Qf4+ 32. Kg1 Qg5+ 33. Kh2 Qh6+ 34. Bh3 Be6 35. Kg3 Qf4# 0-1


[Site "https://www.chess.com"]

[Event "Titled Tuesday Blitz October 5 2021"]
[White "Ertan, Can"]
[Black "Paltrinieri, Nicholas"]
[WhiteFideId "6306330"]
[BlackFideId "828262"]
[WhiteElo "2223"]
[BlackElo "2254"]
[Result "0-1"]
[Round "09"]
[TimeControl "180+1"]
[Date "2021.10.05"]
[WhiteClock "0:00:07"]
[BlackClock "0:00:13"]

1. e4 e6 2. d4 d5 3. Nc3 Bb4 4. exd5 exd5 5. Nf3 Nf6 6. Bd3 h6 7. O-O O-O 8. Ne2 Re8 9. Ng3 Nc6 10. c3 Bf8 11. Re1 Rxe1+ 12. Qxe1 Bg4 13. Ne5 Nxe5 14. dxe5 Nd7 15. h3 Be6 16. Nf5 Nc5 17. Bc2 Qd7 18. Nd4 f6 19. exf6 Re8 20. Qd1 gxf6 21. Qf3 Ne4 22. Bxe4 dxe4 23. Qxe4 Bf7 24. Qg4+ Qxg4 25. hxg4 Re1+ 26. Kh2 Bd6+ 27. g3 Bg6 28. Nf5 h5 29. Nxd6 cxd6 30. gxh5 Bxh5 31. Kg2 Bg6 32. b3 Be4+ 33. Kh3 Rf1 34. c4 Kf7 35. Bb2 Rxf2 36. Bd4 Rd2 37. Bxa7 Kg6 38. g4 Rd3+ 39. Kh4 Rd2 40. Kg3 Bc6 41. Be3 Re2 42. Kf4 Kf7 43. a4 Ke6 44. Rg1 Rb2 45. g5 fxg5+ 46. Rxg5 Rxb3 47. a5 Rc3 48. Rg6+ Kd7 49. Rg7+ Ke8 50. c5 dxc5 51. Rg5 Rc4+ 52. Kg3 Rc3 53. Kf2 Rc2+ 54. Kg3 c4 55. Rc5 Kd7 56. Kf4 Kd6 57. Kg4 Rc3 58. Kf4 Rxe3 59. Rxc6+ Kxc6 60. Kxe3 Kb5 61. Kd4 Kb4 62. Kd5 c3 63. Kd6 c2 64. Kc7 c1=Q+ 65. Kxb7 Kxa5 0-1


[Site "https://www.chess.com"]